 Dungeon Crawl Stone Soup version 0.24.0-123-gd5b16e6ec5 (webtiles) character file.

Game seed: 17710762378967494300, levelgen mode: deterministic

8066 Delamore the Severer (level 11, 0/101 HPs)
             Began as a Hill Orc Fighter on Dec 28, 2019.
             Was a High Priest of Makhleb.
             Slain by a wraith (7 damage)
             ... led by Josephine
             ... on level 10 of the Dungeon.
             The game lasted 00:11:38 (7742 turns).

Delamore the Severer (Hill Orc Fighter)             Turns: 7742, Time: 00:11:39

Health: 0/101      AC: 12    Str: 23    XL:     11   Next: 25%
Magic:  15/15      EV:  8    Int:  8    God:    Makhleb [*****.]
Gold:   465        SH:  8    Dex: 10    Spells: 10/10 levels left

rFire    . . .     SeeInvis .   a - +0 war axe
rCold    . . .     Gourm    .   c - +0 shield
rNeg     . . .     Faith    .   J - +0 plate armour
rPois    .         Spirit   .   (no helmet)
rElec    .         Reflect  .   z - +0 cloak
rCorr    .         Harm     .   E - +0 pair of gloves
MR       .....                  (no boots)
Stlth    ..........             (no amulet)
HPRegen  0.26/turn              t - +5 ring of evasion
MPRegen  0.14/turn              (no ring)

@: slowed, heavily drained, very slow
A: no striking features
a: Minor Destruction, Lesser Servant of Makhleb, Major Destruction, Greater
Servant of Makhleb, Renounce Religion


You were on level 10 of the Dungeon.
You worshipped Makhleb.
Makhleb was extremely pleased with you.
You were not hungry.

You visited 1 branch of the dungeon, and saw 10 of its levels.
You also visited: Ossuary.

You collected 465 gold pieces.

Inventory:

Hand Weapons
 a - a +0 war axe (weapon)
Armour
 b - a +0 scale mail
 c - a +0 shield (worn)
 z - a +0 cloak (worn)
 E - a +0 pair of gloves (worn)
 J - a +0 plate armour (worn)
 O - a scarf of spirit shield
Jewellery
 t - a +5 ring of evasion (left hand)
Wands
 u - a wand of disintegration (7)
 A - a wand of digging (5)
 F - a wand of polymorph (14)
 L - a wand of iceblast (9)
 M - a wand of random effects (14)
Scrolls
 h - 3 scrolls of immolation {unknown}
 i - a scroll of blinking
 l - 5 scrolls of identify
 o - 3 scrolls of remove curse
 p - 2 scrolls of fear {unknown}
 q - 5 scrolls of teleportation
 s - 3 scrolls of fog
 v - 4 scrolls of amnesia {unknown}
 y - 2 scrolls of enchant weapon {unknown}
 C - a scroll of noise {unknown}
 D - 4 scrolls of magic mapping
 K - a scroll of summoning {unknown}
Potions
 d - a potion of might
 e - a potion of lignification {unknown}
 g - 2 potions of invisibility {unknown}
 j - 3 potions of brilliance {unknown}
 k - a potion of mutation {unknown}
 m - 5 potions of curing {unknown}
 n - 2 potions of flight {unknown}
 r - 3 potions of degeneration {unknown}
 w - 6 potions of heal wounds
 x - a potion of magic {unknown}
 B - 2 potions of haste {unknown}
 G - 2 potions of ambrosia {unknown}
 H - a potion of berserk rage {unknown}
 I - a potion of cancellation {unknown}
Miscellaneous
 N - a lamp of fire (inert)
Comestibles
 f - 22 rations
 P - a chunk of flesh


   Skills:
 + Level 10.7(8.3) Fighting
 + Level 17.0(14.3) Axes
 - Level 3.2(1.3) Armour
 - Level 3.2(1.3) Shields
 * Level 6.4(4.3) Invocations


You had 10 spell levels left.
You didn't know any spells.
Your spell library was empty.

Dungeon Overview and Level Annotations

Branches:
Dungeon (10/15)            Temple (0/1) D:6            Lair (0/6) D:9
Ossuary (visited)
    Orc: D:9-12

Altars:
Elyvilon
Makhleb
Qazlal
Sif Muna
Trog
The Shining One

Shops:
D:4 *   D:9 [

Annotations:
D:10 Josephine


Message History

You slash Josephine!
Josephine is heavily wounded.
Your plate armour prevents you from hitting the wraith.
The wraith hits you!
* * * LOW HITPOINT WARNING * * *
You block Josephine's attack. The wraith hits you but does no damage.
Unknown command.
You barely miss Josephine.
Josephine is heavily wounded.
You hit the wraith but do no damage. Josephine closely misses you.
The wraith hits you.
* * * LOW HITPOINT WARNING * * *
The wraith drains your vigour!
You feel as though you will be slow longer.
Josephine barely misses you.
Your shield and plate armour prevent you from hitting Josephine.
Josephine is heavily wounded.
Your plate armour prevents you from hitting the wraith.
The wraith hits you!
You die...

##+##
##...##
##...<.##
#.#....W@.##
........@..#
...........+
##.........#
##.......##
##.....##
##...##
##+##


You could see Josephine and a wraith.

Vanquished Creatures
  A hydra (D:9)
  3 two-headed ogres (D:8)
  Pikel (D:9)
  2 dream sheep (D:9)
  Sigmund (D:4)
  2 wraiths
  2 yaks (D:9)
  Edmund (D:5)
  Duvessa (D:4)
  2 orc warriors
  3 slaves (D:9)
  4 sky beasts
  3 ice beasts
  4 ogres
  A centaur (D:6)
  A phantom (D:3)
  A crocodile (D:8)
  4 big kobolds
  An elf zombie (Ossuary)
  3 bullfrogs
  A gnoll sergeant (D:6)
  Dowan (D:4)
  A scorpion (D:6)
  3 killer bees (D:8)
  2 crimson imps
  2 centaur zombies (Ossuary)
  3 human zombies (Ossuary)
  A centaur skeleton (D:9)
  A bullfrog zombie (D:8)
  A jelly (D:6)
  5 hounds
  6 orc priests
  Crazy Yiuf (D:5)
  An iguana (D:5)
  10 orc wizards
  6 worker ants
  A big kobold zombie (Ossuary)
  2 mummies (Ossuary)
  10 gnolls
  6 adders
  2 oozes
  2 worms
  2 adder zombies
  5 dart slugs
  4 leopard geckos
  35 orcs
  3 ball pythons
  5 giant cockroaches
  11 hobgoblins
  5 jackals
  5 quokkas
  11 bats
  7 frilled lizards
  5 goblins
  A goblin zombie (Ossuary)
  5 hobgoblin zombies (Ossuary)
  A jackal skeleton (D:4)
  A jackal zombie (Ossuary)
  10 kobolds
  12 kobold zombies (Ossuary)
  A leopard gecko skeleton (D:6)
  8 orc zombies (Ossuary)
  A quokka skeleton (D:4)
  6 rats
  2 rat zombies (Ossuary)
  A plant (D:9)
256 creatures vanquished.

Vanquished Creatures (others)
  3 jackals (D:10)
3 creatures vanquished.

Grand Total: 259 creatures vanquished

Notes
Turn   | Place    | Note
-------+----------+-------------------------------------------
     0 | D:1      | Delamore the Hill Orc Fighter began the quest for the Orb.
     0 | D:1      | Reached XP level 1. HP: 19/19 MP: 1/1
     9 | D:1      | Noticed a centaur
    92 | D:1      | Reached skill level 3 in Axes
   144 | D:1      | Reached XP level 2. HP: 22/26 MP: 2/2
   196 | D:1      | Reached skill level 4 in Axes
   363 | D:1      | Reached XP level 3. HP: 25/31 MP: 3/3
   824 | D:2      | Reached skill level 5 in Axes
  1332 | D:2      | Reached XP level 4. HP: 39/39 MP: 4/4
  1378 | D:2      | Found a faded altar of an unknown god.
  1426 | D:2      | Became a worshipper of Makhleb the Destroyer
  1426 | D:2      | Reached * piety under Makhleb
  1554 | D:3      | Reached skill level 6 in Axes
  1669 | D:3      | Reached XP level 5. HP: 39/45 MP: 5/5
  1851 | D:3      | Reached ** piety under Makhleb
  1947 | D:3      | Reached skill level 7 in Axes
  2369 | D:4      | Found Oshif's Elemental Accessories.
  2400 | D:4      | Noticed Duvessa
  2401 | D:4      | Noticed a phantom
  2402 | D:4      | Noticed Dowan
  2406 | D:4      | Noticed an ogre
  2408 | D:4      | Noticed Sigmund
  2700 | D:3      | Killed a phantom
  2700 | D:3      | Reached skill level 8 in Axes
  2700 | D:3      | Reached XP level 6. HP: 51/51 MP: 6/6
  2715 | D:3      | Reached skill level 9 in Axes
  2732 | D:4      | Killed Duvessa
  2732 | D:4      | Reached XP level 7. HP: 28/57 MP: 7/7
  2734 | D:4      | Killed Dowan
  2734 | D:4      | Reached skill level 10 in Axes
  2838 | D:4      | Found a sand-covered staircase.
  2847 | Ossuary  | Entered an ossuary
  3108 | Ossuary  | Reached *** piety under Makhleb
  3199 | Ossuary  | Reached skill level 11 in Axes
  3387 | D:4      | You fall into a shaft and drop 1 floor!
  3387 | D:5      | Entered Level 5 of the Dungeon
  3395 | D:5      | Reached XP level 8. HP: 64/64 MP: 8/8
  3485 | D:5      | Reached skill level 12 in Axes
  3620 | D:5      | Found a burning altar of Makhleb.
  3729 | D:5      | Noticed Edmund
  3756 | D:5      | Killed Edmund
  3756 | D:5      | Reached **** piety under Makhleb
  3762 | D:5      | Found a glowing golden altar of the Shining One.
  3762 | D:5      | Found a white marble altar of Elyvilon.
  3898 | D:5      | Found a runed translucent door.
  3899 | D:5      | Noticed Crazy Yiuf
  4055 | D:5      | Killed Crazy Yiuf
  4302 | D:4      | Killed Sigmund
  4302 | D:4      | Reached skill level 13 in Axes
  4688 | D:6      | Found a staircase to the Ecumenical Temple.
  4800 | D:6      | Reached skill level 14 in Axes
  4800 | D:6      | Reached XP level 9. HP: 64/70 MP: 9/9
  5019 | D:6      | Reached skill level 5 in Fighting
  5062 | D:6      | Found a bloodstained altar of Trog.
  5670 | D:7      | Reached ***** piety under Makhleb
  6016 | D:8      | Reached skill level 15 in Axes
  6073 | D:8      | Noticed a two-headed ogre
  6082 | D:8      | Killed a two-headed ogre
  6082 | D:8      | Reached XP level 10. HP: 32/88 MP: 10/10
  6296 | D:8      | Found a stormy altar of Qazlal.
  6314 | D:8      | Noticed a two-headed ogre
  6316 | D:8      | Noticed a two-headed ogre
  6325 | D:8      | Killed a two-headed ogre
  6325 | D:8      | Reached skill level 16 in Axes
  6330 | D:8      | Killed a two-headed ogre
  6712 | D:9      | Found Fegear's Armour Shoppe.
  6739 | D:9      | Noticed Pikel
  6757 | D:9      | Killed Pikel
  6757 | D:9      | Reached skill level 10 in Fighting
  6836 | D:9      | Found a staircase to the Lair.
  6967 | D:9      | Reached XP level 11. HP: 64/101 MP: 12/14
  7057 | D:9      | Noticed a three-headed hydra
  7064 | D:9      | Reached skill level 5 in Invocations
  7065 | D:9      | Killed a six-headed hydra
  7065 | D:9      | Reached skill level 17 in Axes
  7436 | D:9      | Found a shimmering blue altar of Sif Muna.
  7532 | D:10     | Entered Level 10 of the Dungeon
  7532 | D:10     | Noticed Josephine
  7535 | D:10     | Noticed a cacodemon
  7742 | D:10     | Slain by a wraith

Levels and vault maps discovered:
D:1:      evilmike_arrival_come_back, layout_basic
D:2:      layout_loops_corners, chequers_ecumenical_altar_twisty
D:3:      minmay_angry_zag, layout_loops_ring, serial_rivers,
          chequers_serial_rivers_room_a, chequers_serial_rivers_small_b,
          chequers_serial_rivers_micro_d, chequers_serial_rivers_small_b
D:4:      layout_rooms, enter_ossuary_1, first_ration, nicolae_elemental_shop,
          kennysheep_small_circle, uniq_duvessa, uniq_sigmund
D:5:      layout_loops_ring, gammafunk_temple_overflow_wave,
          lemuel_doored_altar, uniq_crazy_yiuf_cottage, uniq_edmund
D:6:      layout_loops_ring, marbit_many_paths, temple_pool_b,
          serial_park_tiny_2
D:7:      layout_cave_pools, minmay_misc_feat_tower
D:8:      layout_basic, kennysheep_mini
D:9:      layout_loops_ring, tgw_sif, lair_entry_dummy, serial_shops, shop,
          hangedman_ranch [blue_anna_fruit_fields], uniq_pikel
D:10:     gammafunk_corrupted_shrine, layout_loops_corners, orc_david_3,
          lightli_orcish_oven, uniq_josephine, uniq_gastronok

Skill      XL: |  1  2  3  4  5  6  7  8  9 10 11 |
---------------+----------------------------------+-----
Axes           | 3 4 5 6 8 9 11 14 15 16 17 | 17.0
Fighting       | 7 10 | 10.7
Invocations    | 4 6 |  6.4
Armour         | |  3.2
Shields        | |  3.2

Action                   |  1- 3 |  4- 6 |  7- 9 | 10-12 || total
-------------------------+-------+-------+-------+-------++-------
Melee: War axe           |    95 |   135 |   488 |   201 ||   919
Invok: Minor Destruction |       |       |     1 |     2 ||     3
       Major Destruction |       |       |       |     2 ||     2
       Greater Servant o |       |       |       |     1 ||     1
Evoke: Wand              |       |       |     4 |       ||     4
       Lamp of fire      |       |       |       |     1 ||     1
  Use: Scroll            |       |     6 |       |       ||     6
  Eat: Chunk             |     1 |     5 |     8 |     6 ||    20
       Ration            |       |       |     1 |       ||     1
Armor: Scale mail        |    39 |    41 |    77 |       ||   157
       Plate armour      |       |       |    20 |    97 ||   117
Dodge: Dodged            |    36 |    51 |   148 |    63 ||   298
Block: Shield            |    53 |    75 |   164 |    90 ||   382
